 Dungeon Crawl Stone Soup version 0.31-a0-879-g1609e0ac53 (webtiles) character file.

Game seed: 2025245750735427660

11 Armakuni the Charlatan (level 2, 0/21 HPs)
             Began as a Human Wanderer on Oct 14, 2023.
             Slain by a jackal (2 damage)
             ... on level 1 of the Dungeon.
             The game lasted 00:02:19 (219 turns).

Armakuni the Charlatan (Human Wanderer)              Turns: 219, Time: 00:02:19

Health: 0/21       AC:  5    Str: 14    XL:     2   Next: 40%
Magic:  3/3        EV: 10    Int: 13    God:
Gold:   26         SH:  0    Dex:  9    Spells: 3/3 levels left

rFire   . . .        a - +1 club
rCold   . . .        (no shield)
rNeg    . . .        b - +0 ring mail
rPois   .            (no helmet)
rElec   .            (no cloak)
rCorr   .            (no gloves)
SInv    .            (no boots)
Will    .....        (no amulet)
Stlth   +            (no ring)
HPRegen 0.23/turn    (no ring)
MPRegen 0.08/turn

%: no passive effects
@: no status effects
A: no striking features
a: no special abilities


You were on level 1 of the Dungeon.
You visited 1 branch of the dungeon, and saw 1 of its levels.

You collected 26 gold pieces.

Inventory:

Hand Weapons
 a - a +1 club (weapon)
Armour
 b - a +0 ring mail (worn)
Wands
 p - a wand of polymorph (10)


   Skills:
 - Level 1.0 Fighting
 + Level 1.9 Maces & Flails
 - Level 2.0 Armour
 - Level 1.0 Stealth
 - Level 1.0 Spellcasting
 - Level 1.0 Summonings
 - Level 1.0 Invocations
 - Level 3.0 Evocations


You had 3 spell levels left.
You didn't know any spells.
Your spell library contained the following spells:

 Spells                   Type           Power      Damage    Failure   Level
 Summon Small Mammal      Summ           12%        N/A       36%         1
 Summon Guardian Golem    Hex/Summ       1%         N/A       80%         3


Dungeon Overview and Level Annotations

Branches:
Dungeon (1/15)

Altars:


Message History

* * * LOW HITPOINT WARNING * * *
The bat hits you but does no damage. The bat hits you.
* * * LOW HITPOINT WARNING * * *
The bat hits you but does no damage.
You closely miss the bat. Your punch misses the bat.
The bat closely misses you. The bat hits you but does no damage.
The bat attacks as it pursues you! The bat misses you.
The bat barely misses you.
You see here a dart slug corpse.
The bat hits you but does no damage. The jackal attacks as it pursues you!
The jackal bites you but does no damage.
The bat hits you but does no damage. The jackal bites you.
* * * LOW HITPOINT WARNING * * *
The bat attacks as it pursues you! The bat hits you but does no damage.
The bat closely misses you.
You open the door.
Your hearing returns.
The jackal closely misses you.
There is an open door here.
You aren't carrying any potions.
Unknown command.
Aiming: Polymorph
Press: ? - help, Shift-Dir - straight line, f - jackal
Aim: a jackal (will become a quokka, a hobgoblin, or an adder, chance to affect: 73%)
The jackal struggles to resist.
The jackal bites you but does no damage. x2
You hit the jackal.
The jackal is heavily wounded.
The jackal bites you but does no damage.
The jackal barely misses you.
You miss the jackal.
The jackal is heavily wounded.
The jackal bites you.
* * * LOW HITPOINT WARNING * * *
You barely miss the jackal.
The jackal is heavily wounded.
The jackal closely misses you. The jackal bites you.
You die...

############ ## ##.
#.. ##.# #.. ....
#######.## ....
#........# ....
#........# ....##
#........# ###..####
#@# ####....######
#h#
......#...)..###g####
....h.######†g..b...#
......#.............#
......#.............#
.######..........?..#
.# ###.........### .#
#.....#.....


You could see a jackal, a hobgoblin and a bat.

Vanquished Creatures
  A dart slug (D:1)
  2 endoplasms (D:1)
  2 hobgoblins (D:1)
  2 bats (D:1)
  A frilled lizard (D:1)
  A kobold (D:1)
9 creatures vanquished.

Notes
Turn   | Place    | Note
-------+----------+-------------------------------------------
     0 | D:1      | Armakuni the Human Wanderer began the quest for the Orb.
     0 | D:1      | Armakuni set off with the following items: a +0 club, a +0
                  | ring mail, a potion of curing, a wand of polymorph (16);
                  | and the following spell memorised: Summon Small Mammal; and
                  | the following spells available to memorise: Summon Guardian
                  | Golem.
     0 | D:1      | Reached XP level 1. HP: 15/15 MP: 2/2
    70 | D:1      | Reached skill level 1 in Maces & Flails
   154 | D:1      | Reached XP level 2. HP: 4/21 MP: 3/3
   211 | D:1      | HP: 1/21 [jackal (2)]
   219 | D:1      | Slain by a jackal

Illustrated notes

Levels and vault maps discovered:
D:1:      dpeg_arrival_ternary, layout_basic, serial_shops,
          nicolae_shop_rolled_up

Skill      XL: |  1 |
---------------+----+-----
Maces & Flails | 1 |  1.9
Fighting       | |  1.0
Armour         | |  2.0
Stealth        | |  1.0
Spellcasting   | |  1.0
Summonings     | |  1.0
Invocations    | |  1.0
Evocations     | |  3.0

Action                     || total
---------------------------++-------
  Melee: Club              ||    59
         Punch             ||     1
  Evoke: Wand              ||     6
    Use: Scroll            ||     3
         Potion            ||     1
 Armour: Ring mail         ||    82
  Dodge: Dodged            ||    72

Table legend: (Time is in decaauts)
 A = Elapsed time spent in this place.
 B = Non-inter-level travel time spent in this place.
 C = Inter-level travel time spent in this place.
 D = Time resting spent in this place.
 E = Time spent auto-exploring this place.
 F = Levels seen in this place.
 G = Mean time per level.
                   A        B        C        D        E       F      G
               +--------+--------+--------+--------+--------+-----+--------+
         Total |    233 |    233 |      0 |      4 |     40 |   1 |  233.0 |
       Dungeon |    233 |    233 |      0 |      4 |     40 |   1 |  233.0 |
               +--------+--------+--------+--------+--------+-----+--------+

Top non-repeatable levels by time:
     D:1: 233 daAuts
